 Dungeon Crawl Stone Soup version 0.29-a0-360-g8ed1089bbe (webtiles) character file.

Game seed: 14697349081596520714

193 bande the Covered (level 5, 0/33 HPs)
             Began as a Gargoyle Fighter on Apr 28, 2022.
             Slain by an orc wizard
             ... wielding a +0 dagger
              (2 damage)
             ... on level 3 of the Dungeon.
             The game lasted 00:04:01 (3037 turns).

bande the Covered (Gargoyle Fighter)                Turns: 3037, Time: 00:04:01

Health: 0/33       AC: 14    Str: 20    XL:     5   Next: 72%
Magic:  5/5        EV:  9    Int:  8    God:
Gold:   171        SH:  4    Dex: 11    Spells: 4/4 levels left

rFire   . . .      SeeInvis .   a - +1 war axe
rCold   . . .      Faith    .   c - +0 buckler
rNeg    + . .      Spirit   .   b - +0 scale mail
rPois   ∞          Reflect  .   l - +2 helmet
rElec   +          Harm     .   (no cloak)
rCorr   .          Rampage  .   (no gloves)
Will    .....                   (no boots)
Stlth   ..........              (no amulet)
HPRegen 0.11/turn               (no ring)
MPRegen 0.09/turn               (no ring)

@: no status effects
A: sickness immunity, AC +4, negative energy resistance 1, electricity
resistance, torment resistance 1, petrification resistance
a: no special abilities


You were on level 3 of the Dungeon.
You visited 1 branch of the dungeon, and saw 3 of its levels.

You collected 171 gold pieces.

Inventory:

Hand Weapons
 a - a +1 war axe (weapon)
Armour
 b - a +0 scale mail (worn)
 c - a +0 buckler (worn)
 l - a +2 helmet (worn)
Jewellery
 f - a ring of magical power
 j - a ring of fire
Wands
 k - a wand of flame (20)
Scrolls
 e - a scroll of blinking {unknown}
 h - a scroll of enchant weapon
Potions
 d - a potion of might
 g - a potion of resistance
 i - a potion of flight {unknown}


   Skills:
 + Level 3.8 Fighting
 + Level 3.5 Axes
 + Level 4.2 Armour
 - Level 0.2 Dodging
 + Level 4.0 Shields
 * Level 1.1 Evocations


You had 4 spell levels left.
You didn't know any spells.
Your spell library was empty.

Dungeon Overview and Level Annotations

Branches:
Dungeon (3/15)

Altars:
Ashenzari
Hepliaklqana
Makhleb


Innate Abilities, Weirdness & Mutations

You are immune to sickness and miasma.
Your stone body is resilient. (AC +4)
You are immune to poison.
You resist negative energy. (rN+)
You are resistant to electric shocks. (rElec)
You are resistant to unholy torment.
You are immune to petrification.


Message History

Pain shoots through your body!
The orc priest mumbles some strange prayers to Beogh against you.
Beogh smites you! The orc wizard casts a spell at you.
You resist with some effort. The orc hits you but does no damage.
The orc attacks as you move away! The orc closely misses you.
You feel less confused.
You hit the orc.
The orc is heavily wounded.
Unknown command.
You slash the orc priest!
The orc priest is severely wounded.
You hit the orc wizard. You barely miss the orc.
The orc priest calls down the wrath of Beogh upon you.
Beogh smites you! The orc hits you but does no damage.
The orc wizard casts a spell at you. The puff of flame hits you.
The orc priest hits you but does no damage.
The orc hits you but does no damage. You block the orc wizard's attack.
You barely miss the orc priest.
The orc priest is severely wounded.
You hit the orc wizard but do no damage.
You slash the orc!
You kill the orc!
The orc wizard casts a spell at you. The puff of flame hits you.
* * * LOW HITPOINT WARNING * * *
The orc priest mumbles some strange prayers to Beogh against you.
Pain shoots through your body!
* * * LOW HITPOINT WARNING * * *
You hit the orc priest.
You kill the orc priest!
You hit the orc wizard. The orc wizard misses you.
The orc wizard hits you but does no damage.
Your Shields skill increases to level 4!
Unknown command.
You barely miss the orc wizard.
The orc wizard is moderately wounded.
The orc wizard hits you with a +0 dagger.
You die...

..........................
...........# ............ #
...........# #........# .#.
...........# #........######.#.
...........#####.$......##.......
.......###....##.................
.......###....##.................
.....†..#.......o)...............
)..............)@.......##......>
.....§§......)..........##.......
...#.§§P.PP.........######.....##
...#.§§P............# #.....#.
.§.§....P.......##### #.....#.
..§.....P.......# #####.#)
..§#....PP......# #.#.
##.#............# #.##
###..P..##.....# #...


You could see an orc wizard.

Vanquished Creatures
  A phantom (D:3)
  An orc priest (D:3)
  2 adders (D:2)
  2 worms (D:2)
  2 dart slugs
  2 orcs (D:3)
  4 ball pythons
  6 endoplasms
  2 giant cockroaches
  4 goblins
  4 hobgoblins
  10 jackals
  A quokka (D:2)
  3 bats
  3 frilled lizards
  5 kobolds
  5 rats
57 creatures vanquished.

Vanquished Creatures (others)
  14 plants (D:3)
14 creatures vanquished.

Grand Total: 71 creatures vanquished

Notes
Turn   | Place    | Note
-------+----------+-------------------------------------------
     0 | D:1      | bande the Gargoyle Fighter began the quest for the Orb.
     0 | D:1      | Reached XP level 1. HP: 14/14 MP: 1/1
   523 | D:1      | Reached XP level 2. HP: 19/19 MP: 2/2
  1126 | D:1      | Reached XP level 3. HP: 15/23 MP: 3/3
  1747 | D:2      | Found a faded altar of an unknown god.
  2097 | D:2      | Reached XP level 4. HP: 29/29 MP: 4/4
  2302 | D:2      | Found a burning altar of Makhleb.
  2641 | D:3      | Found a broken altar of Ashenzari.
  2853 | D:3      | Noticed a phantom
  2862 | D:3      | Found a hazy altar of Hepliaklqana.
  2908 | D:3      | Killed a phantom
  2909 | D:3      | Reached skill level 1 in Evocations
  2909 | D:3      | Reached XP level 5. HP: 24/33 MP: 5/5
  3037 | D:3      | Slain by an orc wizard

Illustrated notes

Levels and vault maps discovered:
D:1:      minmay_arrival_up_and_down, layout_loops_corners
D:2:      layout_loops_corners, basic_altar, hellmonk_ecumenical_altar_zigzags,
          minivault_25
D:3:      layout_basic, amcnicky_altar_gilded, nicolae_hepliaklqana_hazy_memory,
          okawaru_ov_weapons_minmay, patterned_corridor

Skill      XL: |  1  2  3  4  5 |
---------------+----------------+-----
Axes           | 2 3 |  3.5
Armour         | 4 |  4.2
Evocations     | 1 |  1.1
Shields        | 4 |  4.0
Fighting       | |  3.8
Dodging        | |  0.2

Action                   |  1- 3 |  4- 6 || total
-------------------------+-------+-------++-------
Melee: War axe           |   118 |    93 ||   211
  Use: Scroll            |     3 |     2 ||     5
       Potion            |       |     2 ||     2
Armor: Scale mail        |    74 |    62 ||   136
Dodge: Dodged            |    76 |    59 ||   135
Block: Buckler           |    28 |    28 ||    56

Table legend: (Time is in decaauts)
 A = Elapsed time spent in this place.
 B = Non-inter-level travel time spent in this place.
 C = Inter-level travel time spent in this place.
 D = Time resting spent in this place.
 E = Time spent auto-exploring this place.
 F = Levels seen in this place.
 G = Mean time per level.
                   A        B        C        D        E       F      G
               +--------+--------+--------+--------+--------+-----+--------+
         Total |   3125 |   3040 |     85 |    309 |   2234 |   3 | 1041.7 |
       Dungeon |   3125 |   3040 |     85 |    309 |   2234 |   3 | 1041.7 |
               +--------+--------+--------+--------+--------+-----+--------+

Top non-repeatable levels by time:
     D:1: 1461 daAuts
     D:2: 1224 daAuts
     D:3: 439 daAuts
